Description

Updated for a 14 supply start, modified for Immortals and Stalkers. Gassy build, maybe useful against more than just Terran though I stuck with the original title to gain exposure to this homebrew I am uploading to practice. Consider this a beginner protoss order for someone who has zero idea what to do and cannot find other build orders that require less structures and APM.

Build Order

Get SALT Encoding   

  14  0:18  Pylon  
  16  0:40  Gateway  
  17  0:48  Assimilator  
  19  1:22  Nexus  
  20  1:30  Cybernetics Core  
  20  1:36  Assimilator  
  21  1:45  Pylon  
  23  2:06  Stalker (Chrono Boost)  +warpG
  25  2:36  Stalker  
  28  2:45  Robotics Facility  
  29  2:50  Pylon  
  33  3:00  Gateway x2  
  37  3:20  Assimilator x2  
  39  3:31  Immortal (Chrono Boost)  
  43  3:36  Pylon  
  46  3:52  Stalker x3  
  52  4:05  Pylon  
  55  4:10  Immortal (Chrono Boost)  
  61  4:25  Stalker x3  
  67  4:35  Pylon x2  
Spawning Tool Build Advisor. Get it on Overwolf

Analysis

Build extended for first attack wave around 6 and a half minutes. Okay build for newer low APM players learning Protoss (and the game) who may not be ready to build vehicles, OR for medium to hard AI-play (with some improvisation after the build ends). You will likely not hit GM with this. There is some more that was not included below:

68 4:50 Observer 69 4:55 Stalker x3 75 5:00 Immortal (Chrono Boost) 79 5:15 Pylon x2 79 5:30 Stalker x3 85 5:45 Immortal (Chrono Boost) 89 6:00 Pylon 89 6:05 Stalker x3 95 6:30 Attack

Go to:

Details

  • Created by: ThirtyAPM
  • Published on: Nov 03, 2026
  • Modified on: Nov 03, 2026
  • Patch: 5.0.16
  • Difficulty: Easy
Show
View Real Time Build Order
Export as new Build Order

Comments (0)

There are no comments. Be the first!

Create an account to comment!